 Dungeon Crawl Stone Soup version 0.31.0-11-ge490571c62 (webtiles) character file.

Game seed: 15640752756268878104

64 qw the Shooter (level 3, -5/20 HPs)
             Began as a Deep Elf Hunter on Feb 3, 2024.
             Incinerated by a bombardier beetle (6 damage)
             ... with a burning spray
             ... on level 3 of the Dungeon.
             The game lasted 00:00:06 (1626 turns).

qw the Shooter (Deep Elf Hunter)                    Turns: 1626, Time: 00:00:06

Health: -5/20      AC:  6    Str: 10    XL:     3   Next: 91%
Magic:  5/5        EV: 11    Int: 13    God:
Gold:   136        SH:  0    Dex: 18    Spells: 2/2 levels left

rFire   . . .        a - +2 shortbow
rCold   + . .        (shield currently unavailable)
rNeg    . . .        l - +0 ring mail {rC+}
rPois   .            (no helmet)
rElec   .            (no cloak)
rCorr   .            (no gloves)
SInv    .            b - +0 pair of boots "Mughiostru" {Will+}
Will    ++...        (no amulet)
Stlth   +            g - ring of willpower
HPRegen 0.23/turn    (no ring)
MPRegen 0.09/turn

%: no passive effects
@: on fire, glowing
A: no striking features
a: no special abilities


You were on level 3 of the Dungeon.
You visited 1 branch of the dungeon, and saw 3 of its levels.

You collected 136 gold pieces.


   Skills:
 - Level 1.5 Fighting
 + Level 7.3 Ranged Weapons
 - Level 2.4 Dodging
 - Level 1.2 Stealth


You had 2 spell levels left.
You didn't know any spells.
Your spell library was empty.

Inventory:

Hand Weapons
 a - a +2 shortbow (weapon)
Armour
 b - the +0 pair of boots "Mughiostru" (worn) {Will+}
   (You acquired it on level 2 of the Dungeon)

   Will+:     It increases your willpower.
 c - a +1 pair of boots of stealth
 l - a +0 ring mail of cold resistance (worn)
Jewellery
 e - a ring of ice
 g - a ring of willpower (left hand)
Scrolls
 d - a scroll of identify
Potions
 i - a potion of curing
 m - a potion of haste {unknown}

Dungeon Overview and Level Annotations

Branches:
Dungeon (3/15)

Altars:


Message History

You shoot an arrow. The arrow hits the goblin!
You kill the goblin!
A goblin comes into view. It is wielding a +1 dagger of venom.
A bombardier beetle comes into view.
You shoot an arrow. The goblin shouts!
The arrow hits the bombardier beetle but does no damage.
You shoot an arrow. The arrow hits the goblin.
The goblin is severely wounded.
You shoot an arrow. The arrow completely misses the goblin.
You shoot an arrow. The arrow completely misses the goblin.
You shoot an arrow. The arrow hits the goblin!
You kill the goblin!
You shoot an arrow.
The arrow completely misses the bombardier beetle.
The bombardier beetle sprays incendiary fluid at you.
The burning spray hits you.
You are covered in liquid fire!
You shoot an arrow.
The arrow hits the bombardier beetle but does no damage.
The liquid fire burns you!
The bombardier beetle sprays incendiary fluid at you.
The burning spray hits you.
You are even more covered in liquid fire!
An endoplasm comes into view.
You shoot an arrow. The endoplasm quivers.
The arrow hits the bombardier beetle!
The bombardier beetle is severely wounded.
The liquid fire burns you!
You shoot an arrow. The arrow hits the bombardier beetle.
The bombardier beetle is severely wounded.
The liquid fire burns you!
You shoot an arrow.
The arrow barely misses the bombardier beetle.
The liquid fire burns you!
You shoot an arrow. The arrow hits the bombardier beetle.
The bombardier beetle is almost dead.
The liquid fire burns you!
You die...

.......................
........................
................<.......
................(.......
................%.......
.................%......
........................
..................%.....
.......@................
.....................%..
.....B$................
...J..................
..................
.................
.)..............
...............


You could see a bombardier beetle and an endoplasm.

Vanquished Creatures
  2 adders (D:2)
  A dart slug (D:1)
  An orc (D:2)
  3 endoplasms (D:1)
  2 giant cockroaches (D:1)
  7 goblins
  4 hobgoblins
  4 jackals (D:3)
  3 kobolds
  A quokka (D:1)
  4 ball pythons
  3 bats
  A frilled lizard (D:1)
  2 rats
38 creatures vanquished.

Notes
Turn   | Place    | Note
-------+----------+-------------------------------------------
     0 | D:1      | qw the Deep Elf Hunter began the quest for the Orb.
     0 | D:1      | Reached XP level 1. HP: 12/12 MP: 3/3
     0 | D:1      | 0 ||| qw: Version: 0.3-a-157-g843a77d
     0 | D:1      | 0 ||| qw: Game counter: 3555
     0 | D:1      | 0 ||| qw: Melee chars always use a shield: true
     0 | D:1      | 0 ||| qw: God list: Okawaru
     0 | D:1      | 0 ||| qw: Allow faded altars: false
     0 | D:1      | 0 ||| qw: Do Orc after clearing Dungeon:15 true
     0 | D:1      | 0 ||| qw: Do second Lair branch before Depths: true
     0 | D:1      | 0 ||| qw: Lair rune preference: random
     0 | D:1      | 0 ||| qw: Goals: Normal
     0 | D:1      | 0 ||| PLANNING D:1-11
   141 | D:1      | Reached skill level 6 in Ranged Weapons
   141 | D:1      | Reached XP level 2. HP: 16/16 MP: 4/4
   751 | D:1      | 751 ||| UPGRADING to ring of willpower.
   752 | D:1      | 752 ||| READING 2 scrolls labelled TEOZAEHOLU.
   752 | D:1      | 752 ||| ENCHANTING +0 shortbow.
   753 | D:1      | 753 ||| READING scroll of enchant weapon.
   753 | D:1      | 753 ||| ENCHANTING +1 shortbow.
   754 | D:1      | 754 ||| DROPPING scroll of butterflies.
   804 | D:2      | Found a faded altar of an unknown god.
   849 | D:2      | Reached XP level 3. HP: 20/20 MP: 5/5
  1459 | D:2      | 1459 ||| UPGRADING to +0 scale mail.
  1469 | D:2      | 1469 ||| DROPPING +0 leather armour.
  1470 | D:2      | 1470 ||| UPGRADING to +0 ring mail of cold resistance.
  1480 | D:2      | 1480 ||| DROPPING +0 scale mail.
  1481 | D:2      | 1481 ||| READING scroll labelled NATIOCOSEKH.
  1482 | D:2      | 1482 ||| READING 2 scrolls labelled ULLUAN WAMYUR.
  1482 | D:2      | Identified 2 scrolls of acquirement
  1482 | D:2      | 1482 ||| ACQUIRING +1 pair of boots of stealth
  1482 | D:2      | Acquired a +1 pair of boots of stealth
  1483 | D:2      | 1483 ||| READING scroll of acquirement.
  1483 | D:2      | 1483 ||| ACQUIRING +0 pair of boots "Mughiostru" {Will+}
  1483 | D:2      | Acquired the +0 pair of boots "Mughiostru" {Will+}
  1485 | D:2      | 1485 ||| UPGRADING to +0 pair of boots "Mughiostru"
                  | {Will+}.
  1490 | D:2      | 1490 ||| READING scroll labelled IPTIUT HUAHOI.
  1491 | D:2      | 1491 ||| READING scroll labelled MECLONTEDGHA.
  1492 | D:2      | 1492 ||| READING 2 scrolls labelled HOGARR VEZYRURPH.
  1492 | D:2      | 1492 ||| IDENTIFYING murky black potion
  1493 | D:2      | 1493 ||| READING scroll of identify.
  1493 | D:2      | 1493 ||| IDENTIFYING lumpy brown potion
  1494 | D:2      | 1494 ||| DROPPING potion of lignification.
  1520 | D:3      | 1520 ||| STAIRDANCE
  1526 | D:2      | Reached skill level 7 in Ranged Weapons
  1532 | D:3      | 1532 ||| STAIRDANCE
  1625 | D:3      | HP: 1/20 [burnt (7)]
  1626 | D:3      | Incinerated by a bombardier beetle

Levels and vault maps discovered:
D:1:      kilobyte_arrival_exit_the_forest, layout_basic
D:2:      layout_basic, nicolae_ecumenical_pavilion, minmay_misc_feat_tower,
          kennysheep_generic_room_11
D:3:      minmay_door_path, layout_basic, kennysheep_crisscross,
          grunt_ministairs_5

Skill      XL: |  1  2  3 |
---------------+----------+-----
Ranged Weapons | 6 7 |  7.3
Fighting       | |  1.5
Dodging        | |  2.4
Stealth        | |  1.2

Action                     || total
---------------------------++-------
   Fire: Shortbow          ||   113
    Use: Scroll            ||     9
 Armour: Leather armour    ||     4
         Ring mail         ||    30
  Dodge: Dodged            ||    37

Table legend:
 A = Non-vault XP
 B = Vault XP
 C = Vault XP percentage of total XP
 D = Non-vault monster count
 E = Vault monster count
 F = Vault count percentage of total count
                 A         B        C        D         E       F
            +---------+---------+-------+---------+---------+-------
      Total |      92 |       0 |   0.0 |      38 |       0 |   0.0
            +---------+---------+-------+---------+---------+-------
        D:1 |      39 |       0 |   0.0 |      22 |       0 |   0.0
        D:2 |      38 |       0 |   0.0 |       7 |       0 |   0.0
        D:3 |      15 |       0 |   0.0 |       9 |       0 |   0.0
            +---------+---------+-------+---------+---------+-------
